 Dungeon Crawl Stone Soup version 0.18-a0-628-gc02dfad (webtiles) character file.

308 M4edhros the Sneak (level 6, -1/38 HPs)
             Began as an Octopode Artificer on Dec 4, 2015.
             Slain by Blork the orc
             ... wielding a +1 flail of holy wrath
              (12 damage)
             ... on level 5 of the Dungeon.
             The game lasted 00:04:18 (2776 turns).

M4edhros the Sneak (Octopode Artificer)             Turns: 2776, Time: 00:04:19

Health: -1/38      AC:  1    Str: 10    XL:     6   Next: 40%
Magic:  10/10      EV: 12    Int: 16    God:
Gold:   76         SH:  0    Dex: 13    Spells: 0 memorised, 5 levels left

rFire  . . .     SeeInvis .     o - +4 quarterstaff (chaos)
rCold  . . .     Clarity  .     (shield currently unavailable)
rNeg   + . .     SustAt   .     (helmet restricted)
rPois  .         Gourm    .     (no amulet)
rElec  .         Spirit   .     k - ring of positive energy
rCorr  .         Dismiss  .     (no ring)
rMut   .         Stasis   .     (no ring)
MR     .....                    (no ring)
Stlth  +++++.....               (no ring)
                                (no ring)
                                (no ring)
                                (no ring)

@: not resistant to hostile enchantments, quite stealthy
A: almost no armour, amphibious, 8 rings, constrict 8, camouflage 1, gelatinous
body 1
a: no special abilities


You were on level 5 of the Dungeon.
You were hungry.

You visited 1 branch of the dungeon, and saw 5 of its levels.

You collected 76 gold pieces.

Inventory:

Hand Weapons
 a - a +0 short sword
 o - a +4 quarterstaff of chaos (weapon)
Missiles
 n - 44 stones (quivered)
Jewellery
 k - a ring of positive energy (left tentacle)
Wands
 b - a wand of flame (9)
 c - a wand of enslavement (14)
 d - a wand of random effects (13)
Scrolls
 f - a scroll of noise {unknown}
 g - a scroll of remove curse {unknown}
 h - 2 scrolls of identify {unknown}
 i - a scroll of enchant armour {unknown}
 j - a scroll of magic mapping {unknown}
 m - a scroll of fear {unknown}
 p - a scroll of random uselessness {unknown}
 q - a scroll of enchant weapon {unknown}
Potions
 l - a potion of invisibility {unknown}
 r - a potion of haste {unknown}
Comestibles
 e - 4 bread rations


   Skills:
 - Level 1.0 Fighting
 - Level 1.0 Short Blades
 - Level 2.0 Dodging
 + Level 6.4 Stealth
 + Level 5.8 Evocations


You had 5 spell levels left.
You didn't know any spells.

Dungeon Overview and Level Annotations

Branches:
Dungeon (5/15)
 Temple: D:4-7

Altars:
Makhleb

Shops:
D:5 *

Annotations:
D:5 Blork the orc


Innate Abilities, Weirdness & Mutations

You cannot wear most types of armour.
You are amphibious.
You can wear up to eight rings at the same time.
You can use your tentacles to constrict eight enemies at once.
Your skin changes colour to match your surroundings (Stealth).
Your rubbery body absorbs attacks (AC +1).


Message History

Blork the orc comes into view.
He is wielding a flail of holy wrath.
Blork the orc is nearby!
Blork the orc is nearby!
Blork the orc shouts!
Blork the orc hits you with a flail of holy wrath!
You sock Blork the orc! You burn Blork the orc. You grab Blork the orc.
Blork the orc is moderately wounded.
You constrict Blork the orc.
Blork the orc hits you with a flail of holy wrath!
You sock Blork the orc! You burn Blork the orc. You squeeze Blork the orc.
Blork the orc is almost dead.
You constrict Blork the orc. Blork the orc barely misses you.
You hit Blork the orc but do no damage.
Blork the orc is almost dead.
You constrict Blork the orc.
Blork the orc points at you and mumbles some strange words.
The puff of flame hits you!
* * * LOW HITPOINT WARNING * * *
Blork the orc hits you with a flail of holy wrath!
You die...

........#
#.####.#.#.####
#.#.∩.........#
#.#.#..#.#.##.#
#.#.#......##.##
##.#.#.##.#.#...##.#
#####../.#.##.#....<...#
#...............#.).####
.##...@.###.##.##.##
#..o..# #. #.##.#
#.....###.##.##.#
##.>..<..<.......
.........g#####.#.
.......(..... .. ..
.####..##.=..# .# #..#
....# ##. ..###


You could see Blork the orc.

Vanquished Creatures
  A scorpion (D:4)
  A jelly (D:5)
  Crazy Yiuf (D:4)
  A centaur skeleton (D:4)
  Jessica (D:3)
  2 worker ants (D:4)
  3 gnolls
  3 adders
  A worm (D:2)
  3 orcs (D:4)
  4 jackals (D:3)
  5 kobolds
  2 quokkas (D:3)
  A bat (D:3)
  A giant cockroach (D:1)
  6 giant newts
  A goblin (D:3)
  A jackal skeleton (D:4)
  4 rats
42 creatures vanquished.

Notes
Turn   | Place    | Note
--------------------------------------------------------------
     0 | D:1      | M4edhros the Octopode Artificer began the quest for the Orb.
     0 | D:1      | Reached XP level 1. HP: 13/13 MP: 3/3
   394 | D:2      | Found a burning altar of Makhleb.
   419 | D:2      | Reached XP level 2. HP: 4/18 MP: 4/4
   788 | D:3      | Reached XP level 3. HP: 23/23 MP: 5/5
   839 | D:3      | Reached skill level 4 in Evocations
   866 | D:3      | Noticed Jessica
   874 | D:3      | Killed Jessica
   874 | D:3      | Reached XP level 4. HP: 21/28 MP: 7/7
  1831 | D:4      | Reached skill level 5 in Stealth
  1831 | D:4      | Reached skill level 5 in Evocations
  1831 | D:4      | Reached XP level 5. HP: 33/33 MP: 8/8
  2173 | D:4      | Noticed Crazy Yiuf
  2182 | D:4      | Killed Crazy Yiuf
  2182 | D:4      | Reached skill level 6 in Stealth
  2182 | D:4      | Reached XP level 6. HP: 18/38 MP: 10/10
  2269 | D:5      | Entered Level 5 of the Dungeon
  2365 | D:5      | Found Raetanto's General Store.
  2366 | D:5      | Noticed a water moccasin
  2769 | D:5      | Noticed Blork the orc
  2776 | D:5      | Slain by Blork the orc

Vault maps used:
D:1:      lightli_arrival_flooded_house, minmay_close_crescents
D:2:      grunt_temple_overflow_holy_war, bloody_makhleb,
          grunt_dithmenos_smoke_and_mirrors
D:3:      nicolae_overflow_hidden_temple, uniq_jessica
D:4:      first_bread, uniq_crazy_yiuf_cottage
D:5:      minmay_temple_entry_junction2, serial_shops, shop, bloody_trog,
          uniq_blork_the_orc

Action                   |  1- 3 |  4- 6 || total
-------------------------+-------+-------++-------
Melee: Short sword       |    35 |    49 ||    84
       Quarterstaff      |       |    19 ||    19
Evoke: Wand              |     4 |     5 ||     9
  Use: Potion            |     2 |     1 ||     3
 Stab: Sleeping          |     7 |     3 ||    10
  Eat: Meat ration       |       |     1 ||     1
